 Dungeon Crawl Stone Soup version 0.31-a0-83-gbff143cfd1 (webtiles) character file.

Game seed: 1679977795073736339

394 senseless the Sneak (level 6, -7/36 HPs)
             Began as an Octopode Fire Elementalist on May 24, 2023.
             Killed from afar by Sigmund (8 damage)
             ... with a magic dart
             ... on level 4 of the Dungeon.
             The game lasted 00:09:30 (4600 turns).

senseless the Sneak (Octopode Fire Elementalist)    Turns: 4600, Time: 00:09:32

Health: -7/36      AC:  1    Str: 13    XL:     6   Next: 81%
Magic:  10/11      EV: 14    Int: 20    God:
Gold:   128        SH:  0    Dex: 12    Spells: 4/11 levels left

rFire   . . .        k - +4 quarterstaff (chaos)
rCold   . . .        (shield currently unavailable)
rNeg    . . .        (helmet restricted)
rPois   .            (no amulet)
rElec   .            g - +6 ring of strength
rCorr   .            (no ring)
SInv    .            (no ring)
Will    .....        (no ring)
Stlth   ++           (no ring)
HPRegen 0.26/turn    (no ring)
MPRegen 0.12/turn    (no ring)
                     (no ring)

%: no passive effects
@: confused, lethally poisoned (-7 -> -27)
A: almost no armour, amphibious, 8 rings, camouflage 1, gelatinous body 1,
(nimble swimmer 1), tentacles
a: no special abilities


You were on level 4 of the Dungeon.
You visited 1 branch of the dungeon, and saw 4 of its levels.

You collected 156 gold pieces.
You spent 28 gold pieces at shops.

Inventory:

Hand Weapons
 d - a +1 hand axe
 k - a +4 quarterstaff of chaos (weapon)
Jewellery
 g - a +6 ring of strength (left tentacle)
Scrolls
 b - a scroll of identify
 f - a scroll of butterflies {unknown}
 h - 5 scrolls of teleportation
Potions
 a - a potion of magic
 i - a potion of attraction {unknown}


   Skills:
 + Level 3.4 Dodging
 + Level 5.0 Stealth
 + Level 3.3 Spellcasting
 + Level 3.0 Conjurations
 + Level 4.2 Fire Magic


You had 4 spell levels left.
You knew the following spells:

 Your Spells              Type           Power      Damage    Failure   Level
a - Foxfire               Conj/Fire      64%        2x1d7     3%          1
b - Scorch                Fire           40%        2d6       3%          2
c - Flame Wave            Conj/Fire      16%        2d7       34%         4

Your spell library contained the following spells:

 Spells                   Type           Power      Damage    Failure   Level
 Sandblast                Erth           6%         2d5       14%         1
 Sublimation of Blood     Necr           3%         N/A       21%         2
 Wereblood                Tmut           3%         N/A       21%         2
 Inner Flame              Hex/Fire       10%        N/A       21%         3
 Volatile Blastmotes      Fire/Tloc      20%        2d11      21%         3
 Ensorcelled Hibernation  Hex/Ice        2%         N/A       24%         2
 Passwall                 Tmut/Erth      0%         N/A       24%         2
 Stone Arrow              Conj/Erth      14%        3d7       26%         3
 Spider Form              Tmut/Pois      1%         N/A       43%         3
 Anguish                  Hex/Necr       0%         N/A       85%         4
 Summon Hydra             Summ           1%         N/A       100%        7


Dungeon Overview and Level Annotations

Branches:
Dungeon (4/15)
 Temple: D:4-7

Altars:

Shops:
D:1 ?   D:2 [

Annotations:
D:4 Sigmund


Innate Abilities, Weirdness & Mutations

You cannot wear most types of armour.
You are amphibious.
You can wear up to eight rings at the same time.
Your skin changes colour to match your surroundings (Stealth+).
Your rubbery body absorbs attacks. (AC +1, EV +1)
((You are camouflaged when in or above water. (Stealth+)))
You have tentacles for arms and can constrict up to eight enemies at once.


Message History

You miss something. You barely miss something.
You hear some strange, mumbled words.
A magic dart appears from out of thin air!
The magic dart hits you.
* * * LOW HITPOINT WARNING * * *
Something hits you.
* * * LOW HITPOINT WARNING * * *
You are poisoned.
You feel much better.
You feel sick.
You miss something. You squeeze something.
You feel sick. Something hits you.
You are more poisoned.
You sock something! You freeze something.
You feel very sick.
You hear some strange, mumbled words.
You are confused.
You're too confused to cast spells.
Okay, then.
You're too confused to move!
You feel very sick. Something hits you!
* * * LOW HITPOINT WARNING * * *
You are more poisoned.
You feel much better.
You feel very sick. Something hits you.
You are lethally poisoned!
You bump into the rock wall.
You feel very sick.
You feel very sick. Something hits you.
* * * LOW HITPOINT WARNING * * *
You are more poisoned.
You bump into the rock wall.
* * * LOW HITPOINT WARNING * * *
You feel very sick.
You hear some strange, mumbled words.
A magic dart appears from out of thin air!
The magic dart hits you!
You die...

....######..#.##.#
.......!.....##†####
........####.....##
.......# #.....#.
#.....## #....).. #.
#.##...####.......
....###............†....
.....g{.##...###........
#...###@##.#.# #........
.. ##......# #........
#........###........
#.##~.~..~.......###
#.#~.....~...~...#≈≈
#...~~...~...~~~##≈#
≈≈≈≈~~~~~≈~.~~≈≈≈≈≈#
≈≈≈~~~≈~≈~.~.~≈≈≈≈##
#............~..####


You could see a hobgoblin.

Vanquished Creatures
  A howler monkey (D:4)
  A jelly (D:4)
  An orc priest (D:3)
  Crazy Yiuf (D:3)
  Terence (D:2)
  An iguana (D:4)
  A hound zombie (D:4)
  2 hound skeletons (D:4)
  Robin (D:2)
  6 adders
  An adder zombie (D:4)
  2 adder skeletons (D:4)
  3 worms
  3 dart slugs
  7 orcs
  5 bats
  3 endoplasms
  2 giant cockroaches (D:1)
  6 goblins
  7 hobgoblins
  8 jackals
  3 quokkas
  6 ball pythons
  4 frilled lizards
  11 kobolds
  4 rats
  A spectral kobold (D:3)
92 creatures vanquished.

Vanquished Creatures (others)
  79 foxfires
79 creatures vanquished.

Grand Total: 171 creatures vanquished

Notes
Turn   | Place    | Note
-------+----------+-------------------------------------------
     0 | D:1      | senseless the Octopode Fire Elementalist began the quest
                  | for the Orb.
     0 | D:1      | Reached XP level 1. HP: 11/11 MP: 3/3
   255 | D:1      | Reached XP level 2. HP: 17/17 MP: 1/5
   354 | D:1      | Reached skill level 3 in Stealth
   731 | D:1      | Learned a level 2 spell: Scorch
   883 | D:1      | Reached XP level 3. HP: 21/21 MP: 2/6
  1270 | D:1      | Found Ymmeumoewa's Magic Scroll Shoppe.
  1273 | D:1      | Bought a scroll of identify for 28 gold pieces
  2208 | D:2      | Reached XP level 4. HP: 27/27 MP: 2/7
  2363 | D:2      | Found Qewiz's Armour Shop.
  2604 | D:2      | Noticed Robin
  2616 | D:2      | Killed Robin
  2837 | D:3      | Noticed Terence
  2849 | D:2      | Killed Terence
  2850 | D:2      | Reached XP level 5. HP: 25/31 MP: 2/9
  2949 | D:3      | Reached skill level 4 in Stealth
  3472 | D:3      | Found a faded altar of an unknown god.
  3511 | D:3      | Found a runed translucent door.
  3512 | D:3      | Noticed Crazy Yiuf
  3850 | D:3      | Learned a level 4 spell: Flame Wave
  3852 | D:3      | Killed Crazy Yiuf
  4110 | D:4      | Reached XP level 6. HP: 26/36 MP: 10/10
  4583 | D:4      | Noticed Sigmund
  4588 | D:4      | Reached skill level 5 in Stealth
  4600 | D:4      | HP: 1/36 [poisoned by Sigmund]
  4600 | D:4      | Killed from afar by Sigmund

Illustrated notes

Levels and vault maps discovered:
D:1:      heliophobic_arrival_glass_houses, layout_loops_ring, serial_shops,
          nicolae_shop_rolled_up, grunt_decor_cap
D:2:      layout_basic, serial_shops, shop, chequers_decorated_corner,
          uniq_robin
D:3:      layout_rooms, dreamdust_ecumenical_altar_drowned_temple, st_stairs_11,
          uniq_crazy_yiuf_cottage, uniq_terence
D:4:      layout_rooms, minmay_temple_entry_junction, serial_undead,
          serial_undead_b, serial_undead_d, serial_undead_e, serial_undead_d,
          chequers_serial_rivers_small_3, uniq_sigmund

Skill      XL: |  1  2  3  4  5  6 |
---------------+-------------------+-----
Stealth        | 3 4 5 |  5.0
Conjurations   | 2 3 |  3.0
Dodging        | 3 |  3.4
Spellcasting   | 3 |  3.3
Fire Magic     | 4 |  4.2

Action                     |  1- 3 |  4- 6 || total
---------------------------+-------+-------++-------
  Melee: Hand axe          |    12 |    33 ||    45
         Constrict         |     4 |    20 ||    24
         Tentacles         |     1 |    16 ||    17
         Quarterstaff      |       |    36 ||    36
   Cast: Foxfire           |    47 |     6 ||    53
         Scorch            |    17 |    51 ||    68
    Use: Scroll            |     4 |     5 ||     9
         Potion            |       |     3 ||     3
   Stab: Sleeping          |       |     1 ||     1
         Paralysed         |       |     2 ||     2
 Armour: Skin              |     1 |     7 ||     8
  Dodge: Dodged            |    18 |    89 ||   107

Table legend: (Time is in decaauts)
 A = Elapsed time spent in this place.
 B = Non-inter-level travel time spent in this place.
 C = Inter-level travel time spent in this place.
 D = Time resting spent in this place.
 E = Time spent auto-exploring this place.
 F = Levels seen in this place.
 G = Mean time per level.
                   A        B        C        D        E       F      G
               +--------+--------+--------+--------+--------+-----+--------+
         Total |   4625 |   4507 |    118 |    337 |   3626 |   4 | 1156.2 |
       Dungeon |   4625 |   4507 |    118 |    337 |   3626 |   4 | 1156.2 |
               +--------+--------+--------+--------+--------+-----+--------+

Top non-repeatable levels by time:
     D:2: 1606 daAuts
     D:1: 1380 daAuts
     D:3: 1235 daAuts
     D:4: 403 daAuts
